 Dungeon Crawl Stone Soup version 0.18-a0-1773-gec4f98e (webtiles) character file.

11643 FitzyFitz the Fighter (level 11, -3/101 HPs)
             Began as a Purple Draconian Warper on Apr 14, 2016.
             Was a Believer of Ashenzari.
             Slain by Snorg (12 damage)
             ... on level 10 of the Dungeon.
             The game lasted 01:17:16 (16940 turns).

FitzyFitz the Fighter (Purple Draconian Warper)    Turns: 16940, Time: 01:17:16

Health: -3/101     AC: 13    Str: 15    XL:     11   Next: 52%
Magic:  1/21       EV: 15    Int: 16    God:    Ashenzari [**....]
Gold:   734        SH:  0    Dex: 12    Spells: 8 memorised, 3 levels left

rFire  . . .     SeeInvis .     a - +2 morningstar (drain) (curse)
rCold  . . .     Gourm    .     (armour unavailable)
rNeg   . . .     Faith    .     (no shield)
rPois  .         Spirit   .     M - +1 hat (curse)
rElec  .         Dismiss  +     y - +0 cloak (curse)
rCorr  .         Reflect  .     g - +2 pair of gloves
SustAt .         Harm     .     e - +0 pair of boots (curse)
MR     +....                    G - amulet of dismissal
Stlth  +++.......               T - ring of stealth
                                o - +2 ring of dexterity

@: somewhat resistant to hostile enchantments, fairly stealthy
A: breathe power, unfitting armour, cold-blooded, AC +7
a: Breathe Dispelling Energy, Curse Item, Scrying, Renounce Religion


You were on level 10 of the Dungeon.
You worshipped Ashenzari.
Ashenzari was pleased with you.
You were very hungry.

You visited 3 branches of the dungeon, and saw 14 of its levels.

You collected 734 gold pieces.

Inventory:

Hand Weapons
 a - a cursed +2 morningstar of draining (weapon)
Missiles
 d - 4 tomahawks of dispersal
 u - 17 javelins (quivered)
 B - 2 throwing nets
Armour
 e - a cursed +0 pair of boots (worn)
 g - a +2 pair of gloves (worn)
 y - a cursed +0 cloak (worn)
 M - a cursed +1 hat (worn)
Jewellery
 o - a +2 ring of dexterity (left hand)
 G - an amulet of dismissal (around neck)
 T - a ring of stealth (right hand)
Wands
 m - a wand of iceblast (8/15)
 D - a wand of flame (19/48)
 I - a wand of iceblast (7/15)
 J - a wand of polymorph (15/24)
 K - a wand of lightning (8/15)
 O - a wand of iceblast (0/15)
 P - a wand of digging (12/24)
Scrolls
 k - 4 scrolls of remove curse
 l - 2 scrolls of recharging
 s - a scroll of holy word
 t - a scroll of fog
 x - 4 scrolls of teleportation
 E - a scroll of amnesia
Potions
 h - a potion of might
 i - 2 potions of heal wounds
 n - a potion of berserk rage
 p - a potion of cancellation
 w - 2 potions of haste
 C - 4 potions of curing
 F - a potion of magic
 H - a potion of resistance
 Q - 3 potions of agility
 R - a potion of brilliance
Books
 b - a book of Spatial Translocations

   Spells                             Type                      Level
   a - Apportation                    Translocation                1
   b - Blink                          Translocation                2
   c - Shroud of Golubria             Charms/Translocation         2
   d - Portal Projectile              Translocation                3
   e - Teleport Other                 Translocation                3
   f - Passage of Golubria            Translocation                4
 c - a book of Ice

   Spells                             Type                      Level
   a - Ice Form                       Ice/Transmutation            4
   b - Metabolic Englaciation         Hexes/Ice                    5
   c - Ozocubu's Refrigeration        Ice                          6
   d - Bolt of Cold                   Conjuration/Ice              6
   e - Freezing Cloud                 Conjuration/Ice/Air          6
   f - Simulacrum                     Ice/Necromancy               6
 r - a book of Conjurations

   Spells                             Type                      Level
   a - Magic Dart                     Conjuration                  1
   b - Searing Ray                    Conjuration                  2
   c - Dazzling Spray                 Conjuration/Hexes            3
   d - Fulminant Prism                Conjuration/Hexes            4
   e - Iskenderun's Mystic Blast      Conjuration                  4
   f - Iskenderun's Battlesphere      Conjuration/Charms           5
 N - a book of Geomancy

   Spells                             Type                      Level
   a - Sandblast                      Earth                        1
   b - Passwall                       Transmutation/Earth          2
   c - Stone Arrow                    Conjuration/Earth            3
   d - Petrify                        Transmutation/Earth          4
   e - Lee's Rapid Deconstruction     Earth                        5
Miscellaneous
 L - a crystal ball of energy
Comestibles
 f - 8 bread rations
 j - 17 fruits
 q - a royal jelly
 v - 5 slices of pizza
 z - 2 meat rations


   Skills:
 - Level 10.5 Fighting
 - Level 10.0(12.1) Maces & Flails
 - Level 0.8 Throwing
 - Level 5.6(7.1) Dodging
 - Level 2.6(3.9) Stealth
 + Level 7.2 Spellcasting
 - Level 7.0 Conjurations
 - Level 4.5 Charms
 - Level 4.1 Translocations


You had 3 spell levels left.
You knew the following spells:

 Your Spells              Type           Power        Failure   Level  Hunger
a - Apportation           Tloc           ###.......   2%          1    None
b - Blink                 Tloc           N/A          4%          2    None
c - Shroud of Golubria    Chrm/Tloc      ###.......   3%          2    None
d - Teleport Other        Tloc           ###.....     10%         3    ##.....
e - Magic Dart            Conj           ####         1%          1    None
f - Stone Arrow           Conj/Erth      ###...       12%         3    ##.....
g - Iskenderun's Mystic   Conj           ####....     10%         4    ####...
h - Iskenderun's Battles  Conj/Chrm      ###.....     34%         5    #####..


Dungeon Overview and Level Annotations

Branches:
Dungeon (11/15)            Temple (1/1) D:6            Lair (2/8) D:8
    Orc: D:9-12

Altars:
Ashenzari
Cheibriados
Dithmenos
Elyvilon
Fedhas
Gozag
Kikubaaqudgha
Makhleb
Nemelex Xobeh
Okawaru
Pakellas
Qazlal
Ru
Sif Muna
Trog
Vehumet
Xom
Yredelemnul
Zin
The Shining One

Shops:
D:8 *

Annotations:
D:10 Snorg


Innate Abilities, Weirdness & Mutations

You can breathe bolts of dispelling energy.
Your rich purple scales are hard (AC +7).
Your body does not fit into most forms of armour.
You are cold-blooded and may be slowed by cold attacks.


Message History

Zapping:
O - a wand of iceblast (will waste charges)
Press: ? - help, Shift-Dir - straight line, f/p - Snorg
Aim: Snorg (almost dead, berserk, fast, unusually strong, lightly drained)
The mass of ice explodes!
The iceblast engulfs Snorg.
Snorg is almost dead.
Evoking this partially-identified wand wasted a few charges.
Snorg closely misses you. x2; Snorg barely misses you.
Casting: Blink
Confirm with . or Enter, or press ? or * to list all spells.
You blink.
Snorg rages.
Evoke which item? (* to show all) (? for menu, Esc to quit)
Zapping:
I - a wand of iceblast {recharged} (will waste charges)
Press: ? - help, Shift-Dir - straight line, f/p - Snorg
Aim: Snorg (almost dead, berserk, fast, unusually strong, lightly drained)
The mass of ice explodes!
The iceblast engulfs Snorg.
Snorg is almost dead.
Evoking this partially-identified wand wasted a few charges.
Snorg barely misses you. Snorg claws you but does no damage. Snorg claws you!
You die...

#############
##.<...#.....##
##.............##
#..>@...........# ##
#...T...........# #.
#...............####.
#....ยง)............#.
#....<..........##...
##.............#####.
##.....#.....#### #.
###########....# #.
####.# #.


You could see Snorg (berserk).

Vanquished Creatures
  A centaur zombie (D:10)
  2 spiny frogs (Lair:1)
  2 komodo dragons
  3 trolls (D:10)
  3 blink frogs (Lair:2)
  10 yaks
  2 hippogriffs
  A hungry ghost (D:8)
  3 water moccasins
  A soldier ant (D:10)
  2 porcupines
  Duvessa (D:7)
  2 orc warriors
  A wasp (D:10)
  A sky beast (D:11)
  2 ice beasts
  2 phantoms (D:9)
  4 necrophages (Lair:2)
  7 ogres
  A black bear (D:9)
  5 wolves
  6 centaurs
  3 crocodiles
  3 big kobolds (D:9)
  4 giant frogs
  Dowan (D:7)
  A scorpion (D:8)
  4 killer bees (D:10)
  13 wights
  3 crimson imps
  2 giant frog zombies
  8 howler monkeys
  3 hounds
  A gnoll shaman (D:4)
  7 orc priests
  A quasit (D:9)
  4 jellies
  10 orc wizards
  2 giant frog skeletons
  Jessica (D:5)
  Terence (D:2)
  6 worker ants
  7 iguanas
  2 sheep (D:9)
  A hound skeleton (D:10)
  12 gnolls
  15 adders
  31 river rats
  A shadow imp (D:7)
  An ooze (D:3)
  An adder zombie (D:6)
  2 adder skeletons
  2 worms
  A dart slug (D:2)
  5 giant geckos
  35 orcs
  7 giant cockroaches
  6 goblins
  9 hobgoblins
  6 jackals
  2 quokkas
  2 ball pythons
  A ball python skeleton (D:3)
  7 bats
  A giant gecko skeleton (D:5)
  8 giant newts
  6 kobolds
  3 rats
  2 plants (Lair:1)
316 creatures vanquished.

Vanquished Creatures (others)
  2 fungi (Lair:1)
  3 plants
5 creatures vanquished.

Grand Total: 321 creatures vanquished

Notes
Turn   | Place    | Note
--------------------------------------------------------------
     0 | D:1      | FitzyFitz the Draconian Warper began the quest for the Orb.
     0 | D:1      | Reached XP level 1. HP: 17/17 MP: 3/3
   258 | D:1      | Reached XP level 2. HP: 5/26 MP: 5/5
   644 | D:1      | Learned a level 2 spell: Blink
   647 | D:1      | Learned a level 2 spell: Shroud of Golubria
   834 | D:2      | Reached XP level 3. HP: 27/33 MP: 3/6
  1009 | D:2      | Found a faded altar to an unknown god.
  1199 | D:2      | Reached XP level 4. HP: 37/41 MP: 4/7
  1271 | D:2      | Reached skill level 5 in Fighting
  1287 | D:2      | Noticed Terence
  1312 | D:2      | Killed Terence
  1951 | D:3      | Reached XP level 5. HP: 45/48 MP: 8/8
  2094 | D:3      | Noticed an orc warrior
  3219 | D:3      | Reached XP level 6. HP: 38/56 MP: 6/9
  3860 | D:4      | Found a glowing silver altar of Zin.
  3981 | D:4      | Found a white marble altar of Elyvilon.
  4736 | D:4      | Found a glowing golden altar of the Shining One.
  4736 | D:4      | Found an oddly glowing altar of Pakellas.
  4744 | D:4      | Reached skill level 5 in Maces & Flails
  5203 | D:4      | Learned a level 3 spell: Teleport Other
  5240 | D:5      | Entered Level 5 of the Dungeon
  5292 | D:5      | Your scales start taking on a rich purple colour.
  5292 | D:5      | Reached XP level 7. HP: 23/61 MP: 8/10
  5506 | D:5      | Noticed Jessica
  5542 | D:5      | Killed Jessica
  5673 | D:5      | Found an ancient bone altar of Kikubaaqudgha.
  5722 | D:5      | Learned a level 1 spell: Magic Dart
  5775 | D:5      | Found a snail-covered altar of Cheibriados.
  6492 | D:5      | Found a deep blue altar of Sif Muna.
  6638 | D:6      | Found a staircase to the Ecumenical Temple.
  6660 | D:6      | Got an ebony long sword
  6666 | Temple   | Entered the Ecumenical Temple
  6739 | Temple   | Became a worshipper of Ashenzari the Shackled
  6925 | D:6      | Reached XP level 8. HP: 70/71 MP: 8/11
  8328 | D:6      | Reached skill level 1 in Stealth
  8895 | D:7      | Found a shadowy altar of Dithmenos.
  8930 | D:7      | Found a basalt altar of Yredelemnul.
  9158 | D:7      | Identified the cursed +2 long sword of Dim Light {speed, rF++ Int+6 Dex-4} (You found it on level 6 of the Dungeon)
  9173 | D:7      | Noticed Duvessa
  9173 | D:7      | Noticed Dowan
  9183 | D:7      | Killed Dowan
  9727 | D:7      | Reached skill level 1 in Conjurations
 10043 | D:7      | Killed Duvessa
 10101 | D:7      | Reached XP level 9. HP: 53/81 MP: 6/14
 11313 | D:8      | Reached skill level 1 in Charms
 11415 | D:8      | Found Milunarr's Assorted Antiques.
 11430 | D:8      | Reached skill level 5 in Spellcasting
 11596 | D:8      | Found a staircase to the Lair.
 11617 | Lair:1   | Entered Level 1 of the Lair of Beasts
 11617 | Lair:1   | Reached * piety under Ashenzari
 11617 | Lair:1   | Noticed a komodo dragon
 11906 | D:8      | Noticed a komodo dragon
 11913 | D:8      | Killed a komodo dragon
 12097 | D:8      | Found a deep blue altar of Sif Muna.
 12181 | Lair:1   | Killed a komodo dragon
 12181 | Lair:1   | Reached skill level 5 in Conjurations
 12194 | Lair:1   | Reached XP level 10. HP: 61/88 MP: 19/19
 12663 | Lair:1   | Noticed a spiny frog
 12668 | Lair:1   | Killed a spiny frog
 13430 | Lair:1   | Learned a level 3 spell: Stone Arrow
 13596 | Lair:2   | Reached skill level 10 in Maces & Flails
 14019 | Lair:2   | Reached skill level 5 in Dodging
 14617 | Lair:2   | Noticed a four-headed hydra
 14926 | Lair:1   | Reached XP level 11. HP: 52/94 MP: 5/20
 15223 | D:9      | Learned a level 4 spell: Iskenderun's Mystic Blast
 15229 | D:9      | Learned a level 5 spell: Iskenderun's Battlesphere
 15659 | D:9      | Noticed a two-headed hydra
 15778 | D:9      | Found a sparkling altar of Nemelex Xobeh.
 16032 | D:9      | Reached ** piety under Ashenzari
 16162 | D:10     | Entered Level 10 of the Dungeon
 16357 | D:10     | Reached skill level 10 in Fighting
 16911 | D:11     | Noticed Snorg
 16940 | D:10     | Slain by Snorg

Vault maps used:
D:1:      lemuel_arrival_tunnels, serial_bayou_crossing
D:2:      ecumenical_altar_2, uniq_terence
D:3:      first_bread
D:4:      gammafunk_temple_overflow_pools, overflow_temple_1_default,
          elyvilon_altar_5
D:5:      kennysheep_big_flooded_room, kennysheep_mini, cheibriados_altar_1,
          tgw_sif
D:6:      minmay_temple_entry_junction, fountainhead
D:7:      yredelemnul_altar_generic, nicolae_dithmenos_through_a_glass_darkly,
          uniq_duvessa
D:8:      lemuel_coloured_pillars_altar, lair_0_dummy, serial_shops, shop
D:9:      basic_altar, hangedman_ranch, minmay_misc_feat_cross
D:10:     boulder_corridor_run
D:11:     david_orc_5, uniq_grum, uniq_snorg
Temple:   eino_temple_water_12
Lair:1:   serial_forest, infiniplex_forest_corner_1,
          infiniplex_forest_clump_diagonal, infiniplex_forest_straight_4,
          infiniplex_forest_straight_2, infiniplex_forest_lined_4_way,
          infiniplex_forest_zigzag_1, infiniplex_forest_clump_tiny,
          infiniplex_forest_straight_1, infiniplex_forest_end_3,
          infiniplex_staircase_pool
Lair:2:   roderic_carrion_pond, grunt_megastairs_3

Skill      XL: |  1  2  3  4  5  6  7  8  9 10 11 |
---------------+----------------------------------+-----
Fighting       | 3 4 5 6 8 10 | 10.5
Maces & Flails | 4 6 7 10 | 10.0
Stealth        | 2 |  2.6
Dodging        | 3 5 |  5.6
Spellcasting   | 3 6 7 |  7.2
Conjurations   | 1 5 6 7 |  7.0
Translocations | 4 |  4.1
Charms         | 4 |  4.5
Throwing       | |  0.8

Action                   |  1- 3 |  4- 6 |  7- 9 | 10-12 || total
-------------------------+-------+-------+-------+-------++-------
Melee: Mace              |    79 |   331 |       |       ||   410
       Tailslap          |     7 |    30 |    44 |    56 ||   137
       Flail             |       |     8 |   365 |       ||   373
       Morningstar       |       |       |   139 |   515 ||   654
Throw: Stone             |    10 |     2 |       |       ||    12
       Tomahawk          |     1 |       |       |       ||     1
 Cast: Shroud of Golubri |     5 |    22 |    34 |    23 ||    84
       Blink             |       |     3 |     1 |     3 ||     7
       Teleport Other    |       |       |    12 |       ||    12
       Magic Dart        |       |       |    14 |    11 ||    25
       Apportation       |       |       |     2 |     3 ||     5
       Stone Arrow       |       |       |       |     6 ||     6
       Iskenderun's Myst |       |       |       |    23 ||    23
Invok: Curse Item        |       |       |     3 |       ||     3
 Abil: Breathe Dispellin |       |       |     2 |       ||     2
Evoke: Wand              |       |     2 |     7 |     2 ||    11
  Use: Scroll            |       |     6 |    10 |     8 ||    24
       Potion            |       |     1 |     2 |     1 ||     4
 Stab: Sleeping          |       |       |     1 |    11 ||    12
       Distracted        |       |       |     1 |       ||     1
  Eat: Chunk             |       |    12 |    14 |    17 ||    43
       Fruit             |       |     2 |       |       ||     2
       Meat ration       |       |     1 |     2 |       ||     3
       Pizza             |       |       |     1 |     1 ||     2
Armor: Skin              |    43 |   130 |   178 |   179 ||   530
Dodge: Dodged            |    76 |   304 |   309 |   367 ||  1056
